Map: Tours du crépuscule

Players

pupu

  • Race: Protoss Protoss
  • League: Gold

ladeche - Winner!

  • Race: Protoss Protoss
  • League: Silver

VOD

Have the link to the VOD?

Description

Time

  • Played on: April 21, 2016, 3:43 p.m.
  • Length: 20:04
Show
View Real Time Build Order
Export as new Build Order

pupu Protoss 

Build Orders: 1 Gate Expand 

Get SALT Encoding   

  12  0:01  Probe (Chrono Boost)  
  13  0:11  Probe (Chrono Boost)  
  14  0:18  Pylon  
  14  0:22  Probe (Chrono Boost)  
  15  0:36  Probe (Chrono Boost)  
  15  0:38  Gateway  
  16  0:46  Probe (Chrono Boost)  
  16  0:49  Assimilator  
  18  0:57  Probe (Chrono Boost)  
  18  1:07  Probe (Chrono Boost)  
  19  1:27  Nexus  
  19  1:30  Probe (Chrono Boost)  
  20  1:39  Cybernetics Core  
  20  1:44  Pylon  
  20  1:59  Probe (Chrono Boost)  
  21  2:04  Assimilator  
  21  2:11  Gateway x2  
  21  2:13  Probe (Chrono Boost)  
  22  2:24  Probe (Chrono Boost)  
  23  2:31  Warp Gate (Chrono Boost)  
  23  2:36  Adept  
  25  2:37  Probe  
  25  2:38  Probe  
  27  2:47  Forge  
  27  2:48  Probe  
  27  2:50  Probe  
  29  2:58  Probe  
  29  3:02  Probe  
  31  3:08  Pylon  
  31  3:13  Robotics Facility  
  31  3:15  Probe  
  31  3:17  Probe  
  33  3:28  Probe  
  33  3:30  Probe, Photon Cannon  
  35  3:37  Pylon  
  35  3:39  Probe  
  36  3:42  Probe  
  36  3:45  Adept  
  36  3:47  Sentry  
  41  3:49  Sentry  
  41  3:51  Protoss Ground Weapons Level 1 (Chrono Boost)  
  43  3:56  Probe x2  
  43  4:01  Observer  
  46  4:08  Probe x2  
  48  4:12  Gateway  
  48  4:21  Twilight Council  
  48  4:22  Probe x2  
  50  4:26  Assimilator  
  50  4:28  Assimilator  
  50  4:34  Probe x2  
  50  4:36  Pylon  
  52  4:39  Pylon  
  52  4:46  Probe x2  
  54  4:54  Photon Cannon  
  54  5:00  Probe x2  
  56  5:09  Resonating Glaives (Chrono Boost)  
  56  5:12  Probe x2  
  56  5:13  Adept x3  
  64  5:25  Stalker  
  66  5:41  Stalker x2  
  66  5:42  Stalker  
  72  5:45  Observer  
  73  6:03  Photon Cannon  
  73  6:05  Pylon  
  73  6:08  Pylon  
  73  6:10  Photon Cannon  
  73  6:13  Photon Cannon  
  73  6:15  Probe x2  
  73  6:18  Pylon  
  75  6:23  Pylon  
  75  6:25  Pylon  
  75  6:27  Pylon  
  75  6:28  Pylon  
  75  6:31  Photon Cannon  
  75  6:32  Pylon  
  75  6:33  Photon Cannon  
  75  6:35  Photon Cannon  
  75  6:39  Photon Cannon  
  75  6:43  Stalker x2  
  27  8:18  Probe  
  27  8:46  Nexus  
  27  8:49  Assimilator  
  27  8:52  Assimilator  
  27  8:55  Pylon x2  
  27  8:56  Pylon  
  27  8:59  Pylon  
  27  10:06  Forge  
  27  10:09  Gateway x2  
  27  10:11  Gateway  
  27  10:16  Gateway  
  27  10:23  Probe  
  18  10:47  Photon Cannon  
  14  10:50  Photon Cannon  
  14  10:55  Photon Cannon  
  14  11:12  Probe  
  15  11:23  Probe  
  16  11:29  Cybernetics Core  
  16  11:33  Probe  
  17  11:44  Probe  
  18  11:49  Protoss Ground Armor Level 1 (Chrono Boost)  
  18  11:56  Probe  
  19  12:07  Stalker  
  21  12:08  Probe  
  21  12:12  Sentry x2  
  21  12:15  Sentry  
  28  12:20  Probe  
  29  12:32  Probe  
  30  12:44  Probe  
  30  12:50  Stalker x2  
  35  13:01  Robotics Facility  
  35  13:04  Probe  
  36  13:11  Sentry x2  
  40  13:25  Probe  
  41  13:34  Protoss Shields Level 1 (Chrono Boost)  
  41  13:37  Probe  
  42  13:57  Warp Prism (Chrono Boost)  
  44  14:08  Stalker x2  
  44  14:09  Stalker  
  46  14:28  Stalker  
  42  14:48  Stalker  
  42  14:49  Stalker x2  
  48  15:12  Stalker x4  
  38  15:35  Stalker  
  38  15:36  Stalker  
  38  15:38  Stalker  
  44  15:52  Probe  
  45  15:57  Stalker  
  45  15:59  Stalker x2  
  51  16:10  Stalker  
  53  16:27  Stalker x3  
  59  16:42  Stalker  
  59  17:07  Photon Cannon  
  59  17:09  Photon Cannon  
Show
View Real Time Build Order
Export as new Build Order

ladeche Protoss - Winner!

Build Orders:  

Get SALT Encoding   

  12  0:01  Probe (Chrono Boost)  
  13  0:12  Probe (Chrono Boost)  
  14  0:18  Pylon  
  14  0:22  Probe (Chrono Boost)  
  15  0:36  Probe (Chrono Boost)  
  15  0:39  Gateway  
  16  0:45  Assimilator  
  16  0:47  Probe (Chrono Boost)  
  17  0:53  Assimilator  
  17  0:57  Probe (Chrono Boost)  
  18  1:08  Probe (Chrono Boost)  
  20  1:18  Probe (Chrono Boost)  
  20  1:28  Cybernetics Core  
  20  1:36  Probe (Chrono Boost)  
  21  1:50  Probe (Chrono Boost)  
  22  2:04  Probe (Chrono Boost)  
  22  2:08  Warp Gate (Chrono Boost)  
  23  2:14  Stargate  
  23  2:26  Gateway  
  23  2:32  Pylon  
  23  2:51  Gateway  
  23  2:55  Mothership Core  
  25  3:00  Void Ray (Chrono Boost)  
  29  3:06  Stalker  
  30  3:25  Pylon  
  30  3:32  Pylon  
  30  3:43  Stalker  
  30  3:45  Probe  
  37  3:56  Void Ray (Chrono Boost)  
  37  3:57  Stalker  
  37  3:59  Stalker  
  41  4:04  Pylon  
  41  4:29  Stalker  
  43  4:37  Void Ray (Chrono Boost)  
  47  4:50  Zealot  
  47  4:51  Zealot  
  51  4:57  Sentry  
  53  5:07  Pylon  
  53  5:14  Stalker  
  55  5:35  Pylon  
  55  5:39  Zealot x2  
  55  5:40  Zealot  
  61  5:53  Void Ray (Chrono Boost)  
  65  6:00  Stalker  
  67  6:04  Stalker  
  67  6:05  Stalker  
  51  7:23  Nexus  
  45  8:44  Probe, Pylon  
  46  9:00  Probe  
  47  9:18  Gateway  
  47  9:29  Forge  
  47  9:49  Pylon  
  47  10:16  Pylon  
  47  10:33  Probe  
  48  10:52  Probe  
  49  11:00  Pylon  
  49  11:02  Probe  
  50  11:13  Probe  
  51  11:20  Pylon  
  51  11:40  Probe  
  52  11:48  Gateway  
  52  11:51  Probe  
  52  11:53  Assimilator  
  53  12:01  Probe  
  54  12:47  Probe  
  55  12:56  Cybernetics Core  
  55  12:57  Probe  
  56  13:08  Probe  
  56  13:09  Assimilator  
  57  13:18  Probe  
  58  14:07  Stargate  
  58  14:17  Nexus  
  58  14:47  Pylon  
  58  14:54  Probe  
  59  15:04  Probe  
  62  15:45  Void Ray (Chrono Boost)  
  62  15:47  Probe, Pylon  
  63  15:57  Probe  
  63  15:58  Probe  
  65  16:20  Stargate  
  65  16:23  Probe  
  65  16:25  Probe  
  67  16:34  Probe  
  67  16:35  Pylon  
  67  16:37  Probe  
  69  16:41  Stalker x2  
  55  17:40  Probe  
  55  18:19  Nexus  
Tags
 
Add a new tag
Caveats
  • Supply blocks, unpowered buildings, or Contaminate may cause inaccurate times.
  • Supply counts are checked every 10 seconds.